AoeStats
← tanker oğuz

Arabia

504812249Analyzed
1v1 RM · 27d ago on Sep 6, 2026· 19m 33s· 2 players
Game mode
Random Map
Map size
Tiny (2 player)
Population
200
Speed
Normal
Resources
Standard
Victory
Conquest
Starting age
Dark Age
Ending age
Imperial Age
RankedLock teamsTeams togetherTeam positionsShared explorationLock speedFull tech treeHidden civsTurbo modeCheats
Victory
Defeat
🇹🇷 Goths · Türkiye
812
+17
🇬🇧 Vikings · United Kingdom
839
-17
tanker oğuz
5:01 Loom
9:55 Feudal Age
10:59 Double-Bit Axe
13:34 Man-at-Arms
17:37 Forging
19:10 Town Watch
luke.tibble
5:16 Loom
11:52 Feudal Age
12:42 Double-Bit Axe
12:42 Horse Collar
12:51 Town Watch
12:43 Man-at-Arms
21:26 Castle Age
Connection lost

Rejoining the realm…

Still unreachable

The connection could not be restored.

Session expired

The server has moved on; the page needs a fresh start.